 Dungeon Crawl Stone Soup version 0.20.1-1-g8b1a95d (webtiles) character file.

5887 polve the Carver (level 10, 0/62 HPs)
             Began as a Vine Stalker Fighter on July 25, 2017.
             Was a Believer of Uskayaw.
             Succumbed to a hornet's poison
             ... on level 9 of the Dungeon.
             The game lasted 00:12:35 (8441 turns).

polve the Carver (Vine Stalker Fighter)             Turns: 8441, Time: 00:12:35

Health: 0/62       AC: 13    Str: 18    XL:     10   Next: 82%
Magic:  0/13       EV:  5    Int:  8    God:    Uskayaw [**....]
Gold:   373        SH: 11    Dex: 22    Spells: 9/9 levels left

rFire    . . .     SeeInvis .   a - +0 long sword
rCold    . . .     Gourm    +   c - +0 shield
rNeg     . . .     Faith    .   L - +0 chain mail
rPois    +         Spirit   +   n - +0 helmet
rElec    .         Reflect  .   v - +0 cloak
rCorr    .         Harm     .   q - -1 pair of gloves (curse)
MR       +....     Clarity  +   N - +0 pair of boots
Stlth    ..........             M - amulet of the gourmand
Regen    0.6/turn               p - +2 ring of dexterity
MPRegen  0.2/turn               P - ring of poison resistance

@: lethally poisoned (0 -> -3), slowed, very slow
A: fangs 3, rugged brown scales 1, agile 1, clarity, regeneration 1, robust 1,
wild magic 1, magic shield, antimagic bite, no potion heal 3, rot immunity
a: Stomp, Line Pass, Renounce Religion


You were on level 9 of the Dungeon.
You worshipped Uskayaw.
Uskayaw was noncommittal.
You were completely stuffed.

You visited 2 branches of the dungeon, and saw 11 of its levels.

You collected 373 gold pieces.

Inventory:

Hand Weapons
 a - a +0 long sword (weapon)
Armour
 c - a +0 shield (worn)
 n - a +0 helmet (worn)
 q - a cursed -1 pair of gloves (worn)
 v - a +0 cloak (worn)
 L - a +0 chain mail (worn)
 N - a +0 pair of boots (worn)
Jewellery
 l - a +2 ring of strength
 p - a +2 ring of dexterity (left hand)
 M - an amulet of the gourmand (around neck)
 P - a ring of poison resistance (right hand)
 V - a +5 ring of intelligence {unknown}
Wands
 o - a wand of digging (6/24)
 y - a wand of iceblast (6/15)
 B - a wand of acid (9/15)
 E - a wand of flame (25/48)
 F - a wand of flame (27/48)
 G - a wand of digging (17/24)
 I - a wand of digging (13/24)
 Q - a wand of clouds (1/9)
 T - a wand of clouds (1/9)
 U - a wand of polymorph (20/24)
Scrolls
 b - a scroll of vulnerability {unknown}
 e - 3 scrolls of enchant weapon {unknown}
 g - a scroll of recharging {unknown}
 h - a scroll of noise {unknown}
 i - 2 scrolls of immolation {unknown}
 j - 2 scrolls of enchant armour {unknown}
 k - 2 scrolls of amnesia {unknown}
 r - 3 scrolls of teleportation {unknown}
 s - 10 scrolls of identify {unknown}
 u - 2 scrolls of remove curse {unknown}
 w - 2 scrolls of magic mapping {unknown}
 A - 3 scrolls of fear {unknown}
Potions
 t - 2 potions of mutation
 x - 2 potions of haste {unknown}
 z - a potion of heal wounds {unknown}
 C - a potion of invisibility {unknown}
 D - 3 potions of agility {unknown}
 J - a potion of curing {unknown}
 O - 5 potions of flight {unknown}
 R - a potion of brilliance {unknown}
 W - a potion of resistance {unknown}
 X - a potion of lignification {unknown}
Books
 d - a book of Frost

   Spells                             Type                      Level
   a - Freeze                         Ice                          1
   b - Throw Frost                    Conjuration/Ice              2
   c - Ozocubu's Armour               Charms/Ice                   3
   d - Throw Icicle                   Conjuration/Ice              4
   e - Summon Ice Beast               Ice/Summoning                4
 S - a book of Callings

   Spells                             Type                      Level
   a - Summon Small Mammal            Summoning                    1
   b - Call Imp                       Summoning                    2
   c - Call Canine Familiar           Summoning                    3
   d - Summon Guardian Golem          Hexes/Summoning              3
   e - Summon Lightning Spire         Summoning/Air                4
   f - Summon Ice Beast               Ice/Summoning                4
Comestibles
 f - 13 bread rations
 m - a fruit
 H - 2 royal jellies
 K - a meat ration


   Skills:
 - Level 7.5 Fighting
 - Level 10.1 Long Blades
 - Level 2.4 Armour
 + Level 3.6 Stealth
 - Level 7.5 Shields
 + Level 2.9 Invocations


You had 9 spell levels left.
You didn't know any spells.

Dungeon Overview and Level Annotations

Branches:
Dungeon (10/15)            Temple (1/1) D:7
   Lair: D:8-11         Orc: D:9-12

Altars:
Ashenzari
Cheibriados
Dithmenos
Elyvilon
Fedhas
Gozag
Hepliaklqana
Kikubaaqudgha
Makhleb
Nemelex Xobeh
Okawaru
Qazlal
Ru
Sif Muna
Trog
Uskayaw
Vehumet
Xom
Yredelemnul
Zin
The Shining One

Shops:
D:10 :

Annotations:
D:9 exclusion: oklob plant


Innate Abilities, Weirdness & Mutations

You have razor-sharp teeth.
Your natural rate of healing is unusually fast.
When hurt, damage is shared between your health and your magic reserves.
Your bite disrupts and absorbs the magic of your enemies.
Potions cannot restore your health.
You are immune to rotting.
You are partially covered in rugged brown scales. (AC +1, +3% HP)
You are agile. (Dex +2)
You possess an exceptional clarity of mind.
You are robust. (+10% HP)
Your spells are a little harder to cast, but a little more powerful.


Message History

The hornet is almost dead.
You feel sick. The hornet closely misses you.
You block the wyvern zombie's attack. The hornet stings you.
* * * LOW HITPOINT WARNING * * *
You are more poisoned.
You feel yourself slow down.
You hit the hornet.
The hornet is almost dead.
You feel sick. You block the wyvern zombie's attack. The hornet stings you!
* * * LOW HITPOINT WARNING * * *
You feel as though you will be slow longer.
The wyvern zombie bites you!
* * * LOW HITPOINT WARNING * * *
The hornet stings you!
* * * LOW HITPOINT WARNING * * *
It was a potion of mutation.
You feel extremely strange.
Your rugged brown scales recede somewhat.
You regain control of your magic.
You feel agile.
You feel less in control of your magic.
You die...

......# #...#
......# #...#
......# #...#
......#########...#
#.. ...........# ..
##+####....#####.
#..........
#..........
#.Z@......#
#..y......#
............#
..............#
..............#
..............#
####..........#
######.....#


You could see a hornet and a wyvern zombie.

Vanquished Creatures
  A two-headed ogre (D:8)
  Maurice (D:9)
  Joseph (D:9)
  A gargoyle (D:10)
  A troll (D:9)
  A hornet (D:8)
  A hippogriff (D:8)
  A spriggan (D:7)
  Eustachio (D:6)
  Sigmund (D:3)
  5 orc warriors
  3 ice beasts
  2 sky beasts
  A wolf (D:10)
  5 ogres
  A phantom (D:6)
  4 centaurs
  A big kobold (D:9)
  A bullfrog (D:6)
  2 scorpions (D:9)
  3 jellies
  A crimson imp (D:8)
  5 hounds
  3 bullfrog skeletons
  3 orc priests
  9 orc wizards
  3 worker ants
  An iguana (D:7)
  2 hound skeletons
  Robin (D:2)
  16 adders
  2 shadow imps
  An ooze (D:2)
  An adder zombie (D:7)
  An adder skeleton (D:4)
  6 worms
  2 dart slugs
  8 leopard geckos
  26 orcs
  13 bats
  3 giant cockroaches
  10 hobgoblins
  15 jackals
  18 kobolds
  3 quokkas
  4 ball pythons
  6 frilled lizards
  18 goblins
  A leopard gecko skeleton (D:6)
  A leopard gecko zombie (D:5)
  A quokka skeleton (D:8)
  11 rats
  A bush (D:1)
234 creatures vanquished.

Notes
Turn   | Place    | Note
-------+----------+-------------------------------------------
     0 | D:1      | polve the Vine Stalker Fighter began the quest for the Orb.
     0 | D:1      | Reached XP level 1. HP: 11/11 MP: 2/2
    91 | D:1      | Reached skill level 2 in Long Blades
   323 | D:1      | Reached XP level 2. HP: 16/16 MP: 3/3
   592 | D:1      | Reached skill level 3 in Long Blades
   597 | D:1      | Reached XP level 3. HP: 13/19 MP: 2/4
  1084 | D:2      | Noticed Robin
  1108 | D:2      | Gained mutation: Your natural rate of healing is unusually fast. [Vine Stalker growth]
  1108 | D:2      | Reached XP level 4. HP: 5/23 MP: 5/5
  1142 | D:2      | Killed Robin
  1142 | D:2      | Reached skill level 4 in Long Blades
  1376 | D:2      | Reached XP level 5. HP: 18/27 MP: 4/6
  1697 | D:2      | Reached skill level 5 in Long Blades
  1942 | D:3      | Noticed Sigmund
  2351 | D:3      | Reached XP level 6. HP: 24/32 MP: 5/7
  2542 | D:3      | Killed Sigmund
  2542 | D:3      | Reached skill level 6 in Long Blades
  2850 | D:4      | Reached XP level 7. HP: 26/35 MP: 8/8
  3125 | D:4      | Reached skill level 7 in Long Blades
  3517 | D:5      | Entered Level 5 of the Dungeon
  3605 | D:5      | Found a snail-covered altar of Cheibriados.
  3859 | D:5      | Reached skill level 8 in Long Blades
  4017 | D:5      | Gained mutation: You have razor-sharp teeth. [Vine Stalker growth]
  4017 | D:5      | Reached XP level 8. HP: 39/39 MP: 9/9
  4366 | D:6      | Found a sparkling altar of Nemelex Xobeh.
  4648 | D:6      | Reached skill level 9 in Long Blades
  4925 | D:6      | Noticed Eustachio
  4944 | D:6      | Killed Eustachio
  5001 | D:6      | Reached skill level 10 in Long Blades
  5173 | D:6      | Reached XP level 9. HP: 18/44 MP: 8/10
  6182 | D:7      | You fall through a shaft for 3 floors!
  6182 | D:10     | Entered Level 10 of the Dungeon
  6182 | D:10     | Noticed a gargoyle
  6197 | D:10     | Killed a gargoyle
  6197 | D:10     | Reached skill level 5 in Fighting
  6197 | D:10     | Reached skill level 5 in Shields
  6245 | D:10     | Found Xaatall's Book Shop.
  6313 | D:10     | Noticed a troll
  6372 | D:9      | Noticed Maurice
  6415 | D:9      | Killed Maurice
  6415 | D:9      | Reached XP level 10. HP: 41/53 MP: 9/11
  6764 | D:7      | Found a staircase to the Ecumenical Temple.
  6873 | Temple   | Entered the Ecumenical Temple
  7009 | Temple   | Became a worshipper of Uskayaw the Reveler
  7333 | D:8      | Reached * piety under Uskayaw
  7386 | D:8      | Reached ** piety under Uskayaw
  7387 | D:8      | Paralysed by a hornet for 3 turns
  7395 | D:8      | Reached *** piety under Uskayaw
  7753 | D:8      | Noticed a two-headed ogre
  7761 | D:8      | Killed a two-headed ogre
  8037 | D:9      | Reached skill level 1 in Stealth
  8045 | D:9      | Gained mutation: You possess an exceptional clarity of mind. [mutagenic meat]
  8046 | D:9      | Gained mutation: You are robust. (+10% HP) [mutagenic meat]
  8047 | D:9      | Gained mutation: You are partially covered in rugged brown scales. (AC +1, +3% HP) [mutagenic meat]
  8048 | D:9      | Gained mutation: You are mostly covered in rugged brown scales. (AC +2, +5% HP) [mutagenic meat]
  8049 | D:9      | Gained mutation: Your spells are a little harder to cast, but a little more powerful. [mutagenic meat]
  8069 | D:9      | Noticed Joseph
  8093 | D:9      | Reached skill level 1 in Invocations
  8095 | D:9      | Killed Joseph
  8202 | D:9      | Found a blossoming altar of Fedhas.
  8215 | D:9      | Noticed an oklob plant
  8437 | D:9      | Paralysed by a hornet for 2 turns
  8440 | D:9      | HP: 1/63 [hornet (5)]
  8441 | D:9      | Lost mutation: You are mostly covered in rugged brown scales. (AC +2, +5% HP) [potion of mutation]
  8441 | D:9      | Lost mutation: Your spells are a little harder to cast, but a little more powerful. [potion of mutation]
  8441 | D:9      | Gained mutation: You are agile. (Dex +2) [potion of mutation]
  8441 | D:9      | Gained mutation: Your spells are a little harder to cast, but a little more powerful. [potion of mutation]
  8441 | D:9      | Succumbed to a hornet's poison

Skill      XL: |  1  2  3  4  5  6  7  8  9 10 |
---------------+-------------------------------+-----
Long Blades    | 2 3 4 5 6 8 10 | 10.1
Fighting       | 3 6 7 |  7.5
Shields        | 3 6 7 |  7.5
Stealth        | 3 |  3.6
Invocations    | 2 |  2.9
Armour         | |  2.4

Action                   |  1- 3 |  4- 6 |  7- 9 | 10-12 || total
-------------------------+-------+-------+-------+-------++-------
Melee: Long sword        |   169 |   252 |   364 |   182 ||   967
       Bite              |    66 |    94 |   152 |    83 ||   395
  Use: Potion            |       |       |       |     2 ||     2
 Stab: Paralysed         |       |       |       |     5 ||     5
  Eat: Chunk             |     1 |     6 |    20 |    13 ||    40
       Fruit             |       |       |     1 |       ||     1
Armor: Scale mail        |    50 |   140 |    76 |       ||   266
       Chain mail        |       |       |    26 |    87 ||   113
Dodge: Dodged            |    40 |    86 |    70 |    24 ||   220
Block: Shield            |    54 |   158 |   142 |   113 ||   467
       Rpst.: Long sword |    15 |    32 |    20 |     6 ||    73
